 Dungeon Crawl Stone Soup version 0.29.0-7-g18a832c13a (console) character file.

Game seed: 8820096867310147615

13549 Olga the Blocker (level 12, -3/105 (106) HPs)
             Began as a Hill Orc Fighter on Aug 31, 2022.
             Was a Follower of Nemelex Xobeh.
             Killed by vampiric draining
             ... invoked by Josephine
              (15 damage)
             ... on level 11 of the Dungeon on Sept 1, 2022.
             The game lasted 00:25:24 (13455 turns).

Olga the Blocker (Hill Orc Fighter)                Turns: 13455, Time: 00:25:25

HP:   -3/105 (106)  AC: 12    Str: 30    XL:     12   Next: 7%
MP:   19/19         EV:  9    Int:  8    God:    Nemelex Xobeh [*.....]
Gold: 713           SH: 25    Dex: 16    Spells: 11/11 levels left

rFire   . . .      SeeInvis .   a - +2 war axe (flame)
rCold   . . .      Faith    .   i - +1 tower shield
rNeg    . . .      Spirit   .   l - +1 leather armour {Will+}
rPois   .          Reflect  +   f - +2 helmet
rElec   .          Harm     .   (no cloak)
rCorr   .          Rampage  .   (no gloves)
Will    +....                   x - +2 pair of boots
Stlth   +.........              J - amulet of reflection
HPRegen 0.27/turn               t - +6 ring of strength
MPRegen 0.16/turn               w - +6 ring of dexterity

@: studying Shields, lightly drained
A: no striking features
a: Renounce Religion, Draw Escape, Draw Destruction, Draw Summoning


You were on level 11 of the Dungeon.
You worshipped Nemelex Xobeh.
Nemelex Xobeh was aware of your devotion.
You visited 2 branches of the dungeon, and saw 12 of its levels.
You also visited: Sewer.

You collected 713 gold pieces.

Inventory:

Hand Weapons
 a - a +2 war axe of flaming (weapon)
 b - a +4 demon trident of electrocution
Missiles
 g - 9 boomerangs
 o - 7 javelins
 s - 45 poisoned darts
 u - a curare-tipped dart (quivered)
 E - 5 atropa-tipped darts
Armour
 f - a +2 helmet (worn)
 i - a +1 tower shield (worn)
 l - a +1 leather armour of willpower (worn)
 x - a +2 pair of boots (worn)
Jewellery
 t - a +6 ring of strength (left hand)
 w - a +6 ring of dexterity (right hand)
 A - a ring of willpower
 J - an amulet of reflection (around neck)
Wands
 d - a wand of light (12)
 k - a wand of iceblast (7)
 v - a wand of digging (8)
 y - a wand of charming (11)
 z - a wand of polymorph (12)
 C - a wand of mindburst (30)
 H - a wand of flame (14)
Scrolls
 c - a scroll of summoning
 m - 2 scrolls of magic mapping
 p - 10 scrolls of teleportation
 D - a scroll of fog
 I - a scroll of immolation
 K - 2 scrolls of torment
Potions
 e - 4 potions of brilliance
 h - 4 potions of lignification
 j - 5 potions of flight
 n - a potion of cancellation
 q - 5 potions of curing
 r - 3 potions of attraction
 B - 2 potions of might
 G - a potion of haste


   Skills:
 + Level 10.1 Fighting
 + Level 12.6 Axes
 + Level 9.3 Armour
 + Level 14.7 Shields
 * Level 10.3 Invocations


You had 11 spell levels left.
You didn't know any spells.
Your spell library contained the following spells:

 Spells                   Type           Power      Damage    Failure   Level
 Apportation              Tloc           0%         N/A       87%         1
 Necrotise                Necr           0%         1d4       87%         1
 Sting                    Tmut/Pois      0%         1d3       87%         1
 Summon Small Mammal      Summ           0%         N/A       87%         1
 Poisonous Vapours        Pois/Air       0%         N/A       95%         2
 Scorch                   Fire           0%         2d5       95%         2
 Sublimation of Blood     Necr           0%         N/A       95%         2
 Wereblood                Tmut           0%         N/A       95%         2
 Flame Wave               Conj/Fire      0%         2d4       100%        4
 Fulminant Prism          Conj/Hex       0%         3d6       100%        4
 Iskenderun's Mystic Bla  Conj/Tloc      0%         2d3       100%        4
 Olgreb's Toxic Radiance  Pois           0%         N/A       100%        4
 Passage of Golubria      Tloc           0%         N/A       100%        4
 Petrify                  Tmut/Erth      0%         N/A       100%        4
 Irradiate                Conj/Tmut      0%         3d11      100%        5
 Lee's Rapid Deconstruct  Erth           0%         3d5*      100%        5
 Silence                  Hex/Air        0%         N/A       100%        5
 Summon Cactus Giant      Summ           0%         N/A       100%        6
 Summon Hydra             Summ           0%         N/A       100%        7
 Lehudib's Crystal Spear  Conj/Erth      0%         10d2      100%        8


Dungeon Overview and Level Annotations

Branches:
Dungeon (11/15)            Temple (1/1) D:6           Sewer (visited)
   Lair: D:8-11         Orc: D:9-12

Altars:
Ashenzari
Cheibriados
Dithmenos
Elyvilon
Fedhas
Gozag
Hepliaklqana
Kikubaaqudgha
Makhleb
Nemelex Xobeh
Okawaru
Qazlal
Ru
Sif Muna
Trog
Uskayaw
Vehumet
Wu Jian
Xom
Yredelemnul
Zin
The Shining One

Shops:
D:4 *

Annotations:
D:4 2 transporters
D:7 3 runed translucent doors, ImASeal's ghost, novice DjFE; Jeagric's ghost, novice MfGl
D:11 Josephine


Message History

You hit the orc but do no damage.
You hit the water moccasin but do no damage.
You feel sick. You block the water moccasin's attack.
Josephine draws life force from you!
* * * LOW HITPOINT WARNING * * *
Josephine is healed by the life force!
You block the orc's attack. The water moccasin bites you.
* * * LOW HITPOINT WARNING * * *
You are more poisoned.
The water moccasin poisons you!
Okay, then.
You draw a card...
You have drawn Wild Magic.
Josephine is blasted with sand.
The water moccasin shivers.
The orc shivers!
Waves of light ripple over the orc's body.
The orc twists and deforms.
The orc is blasted with magical energy!!
You kill the orc!
You feel a surge of magic.
You feel very sick. You block the water moccasin's attack.
Josephine draws life force from you!
* * * LOW HITPOINT WARNING * * *
Josephine is healed by the life force!
An orc comes into view. It is wielding a +0 trident.
You block the orc's attack.
Unknown command.
Okay, then.
You feel better.
The water moccasin bites you but does no damage.
You block Josephine's attack. The orc hits you but does no damage.
You block the water moccasin's attack.
Unknown command.
You draw a card...
You have drawn the Orb.
Press: ? - help, Shift-Dir - straight line, f - Josephine
Aim: Josephine, wielding a +3 dagger of venom and wearing a +0 robe (heavily wounded)
The wavering orb of destruction weakly hits Josephine!
Josephine is severely wounded.
You hear a shout!
You block the water moccasin's attack. Josephine draws life force from you!
You die...
Your body disappears without a glow.

....<. .# ...
..## .#
........# o#
...$....##)# #
......#....#.##.
...............
.. ...#.........
....#.#Soo...#
#..@@#.#..l..
#..#)#.# .#.
......(.#..
............
......###....
.....# ...l.
..... ......
.... .P. ....
.?P


You could see Josephine, a water moccasin and 3 orcs.

Vanquished Creatures
  A hydra (D:11)
  A boulder beetle (D:11)
  3 two-headed ogres
  Urug (D:10)
  The ghost of lurch the Cutter, a novice VSBr (D:5)
  Maggie (D:9)
  A gargoyle (D:11)
  A komodo dragon (D:10)
  A vampire (D:10)
  2 wyverns
  5 wraiths
  14 yaks
  6 water moccasins
  3 ice beasts
  4 black bears
  2 orc warriors
  2 ogres (D:6)
  3 centaurs
  2 wolves
  5 kobold brigands
  A phantom (D:4)
  3 bullfrogs
  A gnoll sergeant (D:8)
  2 scorpions
  6 wights (D:8)
  20 killer bees
  6 electric eels
  4 howler monkeys
  4 quasits (D:5)
  3 hounds
  2 jellies (D:7)
  3 orc priests
  3 iron imps (D:9)
  Ijyb (D:2)
  A gnoll bouda (D:9)
  8 orc wizards
  Natasha (thrice) (D:4)
  An iguana (D:5)
  A merfolk siren (Sewer)
  A merfolk avatar (Sewer)
  7 adders
  17 gnolls
  7 river rats
  A white imp (D:5)
  4 ufetubi
  2 worms
  3 dart slugs
  34 orcs
  9 bats
  8 endoplasms
  7 giant cockroaches
  15 goblins
  10 hobgoblins
  2 jackals (D:1)
  17 kobolds
  2 quokkas
  11 ball pythons
  8 frilled lizards
  31 rats
328 creatures vanquished.

Vanquished Creatures (others)
  An orc priest (D:11)
  A fungus (D:11)
  55 plants
57 creatures vanquished.

Grand Total: 385 creatures vanquished

Notes
Turn   | Place    | Note
-------+----------+-------------------------------------------
     0 | D:1      | Olga the Hill Orc Fighter began the quest for the Orb.
     0 | D:1      | Reached XP level 1. HP: 19/19 MP: 1/1
   214 | D:1      | Reached XP level 2. HP: 16/27 MP: 2/2
   633 | D:1      | Reached XP level 3. HP: 31/33 MP: 3/3
  1200 | D:2      | Reached XP level 4. HP: 40/40 MP: 4/4
  1325 | D:2      | Noticed Ijyb
  1462 | D:2      | Killed Ijyb
  1463 | D:2      | Reached skill level 4 in Shields
  1604 | D:2      | Found a faded altar of an unknown god.
  1783 | D:2      | Reached XP level 5. HP: 46/46 MP: 5/5
  2207 | D:2      | Identified a scroll of acquirement
  2207 | D:2      | Acquired a manual of Shields
  2792 | D:3      | Found a broken altar of Ashenzari.
  3063 | D:4      | Found Mehux's General Store.
  3069 | D:4      | Noticed a phantom
  3079 | D:4      | Found a glowing drain.
  3096 | D:4      | Killed a phantom
  3097 | D:4      | Reached skill level 5 in Axes
  3097 | D:4      | Reached skill level 5 in Shields
  3097 | D:4      | Reached XP level 6. HP: 36/53 MP: 6/6
  3112 | Sewer    | Entered a sewer
  3597 | Sewer    | Reached skill level 6 in Shields
  3624 | Sewer    | Reached skill level 5 in Fighting
  3944 | D:4      | Noticed Natasha
  3952 | D:4      | Killed Natasha
  3953 | D:4      | Reached XP level 7. HP: 55/61 MP: 7/7
  4011 | D:4      | Noticed Natasha
  4020 | D:4      | Killed Natasha
  4098 | D:4      | Found a transporter.
  4141 | D:4      | Found a glowing golden altar of the Shining One.
  4160 | D:4      | Noticed Natasha
  4165 | D:4      | Killed Natasha
  4228 | D:4      | Found an ornate altar of the Wu Jian Council.
  4464 | D:4      | Found a transporter.
  4524 | D:5      | Entered Level 5 of the Dungeon
  4534 | D:5      | Reached skill level 7 in Shields
  4595 | D:5      | Found a sacrificial altar of Ru.
  4673 | D:5      | Found a basalt altar of Yredelemnul.
  4982 | D:5      | Reached skill level 5 in Armour
  5034 | D:5      | Found a transporter.
  5043 | D:5      | Noticed lurch's ghost (novice VSBr)
  5060 | D:5      | Found a transporter.
  5512 | D:5      | Killed lurch's ghost
  5513 | D:5      | Reached skill level 8 in Shields
  5513 | D:5      | Reached XP level 8. HP: 53/70 MP: 8/8
  5522 | D:5      | Reached skill level 9 in Shields
  6599 | D:6      | Reached skill level 10 in Shields
  6599 | D:6      | Reached XP level 9. HP: 78/78 MP: 9/9
  7123 | D:6      | Found a staircase to the Ecumenical Temple.
  8066 | Temple   | Entered the Ecumenical Temple
  8173 | D:7      | Reached skill level 11 in Shields
  8326 | D:7      | Found a runed translucent gate.
  8326 | D:7      | Found a runed translucent gate.
  8326 | D:7      | Found a runed translucent gate.
  8474 | D:7      | Identified the +6 great sword of Olga's Painful Death
                  | {flame, Str+5 Int-4}
  8550 | D:7      | Reached skill level 10 in Axes
  8668 | D:7      | Noticed ImASeal's ghost (novice DjFE)
  8668 | D:7      | Noticed Jeagric's ghost (novice MfGl)
  8822 | D:7      | Identified the +6 rapier of Animal Spirits {vorpal, rN+
                  | Str+3}
  8854 | D:7      | Found an iron altar of Okawaru.
  9079 | D:8      | Found a snail-covered altar of Cheibriados.
  9201 | D:8      | Reached skill level 12 in Shields
  9228 | D:8      | Found a sparkling altar of Nemelex Xobeh.
  9235 | D:8      | Became a worshipper of Nemelex Xobeh the Trickster
  9568 | D:8      | Reached skill level 1 in Invocations
  9568 | D:8      | Reached XP level 10. HP: 69/88 MP: 9/11
 10324 | D:9      | Noticed a two-headed ogre
 10329 | D:9      | Reached skill level 5 in Invocations
 10337 | D:9      | Killed a two-headed ogre
 10338 | D:9      | Reached skill level 13 in Shields
 10652 | D:9      | Identified the +12 flail "Ogre's Peril" {flame, rElec rCorr
                  | Stlth+}
 10824 | D:9      | Found a burning altar of Makhleb.
 10953 | D:9      | Found an ancient bone altar of Kikubaaqudgha.
 11107 | D:9      | Noticed a two-headed ogre
 11115 | D:9      | Killed a two-headed ogre
 11116 | D:9      | Reached XP level 11. HP: 64/95 MP: 14/16
 11255 | D:10     | Entered Level 10 of the Dungeon
 11256 | D:10     | Noticed Maggie
 11256 | D:10     | Noticed Urug
 11271 | D:9      | Killed Maggie
 11504 | D:10     | Killed Urug
 11805 | D:10     | Reached * piety under Nemelex Xobeh
 11828 | D:10     | Noticed a +0 dagger
 11828 | D:10     | Noticed a +0 hand axe
 11829 | D:10     | Found a hide-covered altar of Uskayaw.
 12607 | D:10     | Received a gift from Nemelex Xobeh
 12658 | D:10     | Reached skill level 14 in Shields
 12682 | D:11     | Noticed a boulder beetle
 12683 | D:11     | Noticed a two-headed ogre
 12703 | D:11     | Killed a two-headed ogre
 12704 | D:11     | Killed a boulder beetle
 12976 | D:11     | Noticed a six-headed hydra
 12985 | D:11     | Killed a two-headed hydra
 13008 | D:11     | Noticed Josephine
 13267 | D:10     | Reached skill level 10 in Fighting
 13267 | D:10     | Reached skill level 10 in Invocations
 13425 | D:10     | Reached XP level 12. HP: 105/106 MP: 19/19
 13455 | D:11     | Killed from afar by Josephine

Illustrated notes

Levels and vault maps discovered:
D:1:      minmay_arrival_solitary_statue, layout_basic
D:2:      kennysheep_the_goblin_king, layout_basic,
          ebering_ecumenical_altar_mist
D:3:      layout_basic, lemuel_crystal_altar, kennysheep_generic_room_11
D:4:      gammafunk_steamed_eel, layout_cave_pools, tso_oasis_becter,
          nzn_wu_jian_contemplation, portal_sewer_entry_a, serial_shops, shop,
          uniq_natasha
D:5:      layout_rooms, nicolae_overflow_hidden_temple,
          mainiacjoe_overflow_catwalk, gammafunk_ghost_stat_death,
          kennysheep_decorative_pillar
D:6:      layout_layer_cave, minmay_temple_entry_offerings, serial_bayou,
          serial_bayou_shore_a, serial_bayou_ford_a, serial_bayou_pond_c,
          serial_bayou_lake_a, serial_bayou_pond_a
D:7:      layout_cave_pools, okawaru_altar_gauntlet_db,
          gammafunk_ghost_cemetery, minmay_crystal_water
D:8:      layout_gridville, overflow_temple_1_default,
          nemelex_spade_bored_becter, minmay_checkerbox
D:9:      layout_roguey, demons_altar, kiku_gazebo_pond_becter,
          nicolae_kite_square_tiling_tiny, st_stairs_3
D:10:     layout_stronghold, dancing_weapons_uskayaw, serial_column_ruins,
          column_ruins_hut, column_ruins_square_large, column_ruins_grid_4,
          column_ruins_columns_corner, column_ruins_corridor_dead_end,
          column_ruins_open_tiny, column_ruins_grid_1, uniq_maggie, uniq_urug
D:11:     layout_rooms, minmay_lair_entry_grove, hiddenorc2_lemuel,
          uniq_josephine
Temple:   nicolae_temple_ecumenical_triangle

Skill      XL: |  1  2  3  4  5  6  7  8  9 10 11 |
---------------+----------------------------------+-----
Axes           | 3 4 5 7 8 10 11 12 | 12.6
Fighting       | 4 5 6 7 8 10 | 10.1
Shields        | 4 5 6 8 10 12 13 14 | 14.7
Armour         | 4 5 7 8 9 |  9.3
Invocations    | 1 7 10 | 10.3

Action                   |  1- 3 |  4- 6 |  7- 9 | 10-12 || total
-------------------------+-------+-------+-------+-------++-------
Melee: War axe           |    84 |   276 |   240 |   310 ||   910
Throw: Boomerang         |       |     2 |       |       ||     2
       Dart              |       |       |       |     1 ||     1
Invok: Draw Destruction  |       |       |       |     4 ||     4
  Use: Scroll            |     7 |     7 |     5 |    10 ||    29
       Potion            |       |       |     2 |     2 ||     4
 Stab: Distracted        |       |       |     1 |       ||     1
Armor: Ring mail         |    41 |    15 |       |       ||    56
       Leather armour    |       |    69 |    95 |    75 ||   239
Dodge: Dodged            |    47 |   156 |   157 |    86 ||   446
Block: Buckler           |    17 |    60 |    84 |       ||   161
       Tower shield      |       |       |    32 |   456 ||   488
       Reflection        |       |       |       |    18 ||    18
